[ AOE2 MATCH · #463577678 ]
Team RMChinese vs Khmer
[ REPLAY ANALYSIS · EXTRACTED FROM THE RECORDED GAME ]
Feudal
—
Castle
—
Imperial
—
| APM avg | 10.6 |
| APM peak | 46 |
| eAPM avg | 9.8 |
| Villagers / military | 89 / 136 |
Focus
⚔️ 40.6% · 🌾 59.4%
Spearman ×133 · Trade Cart ×8 · Trebuchet (Packed) ×3
Feudal
—
Castle
—
Imperial
—
| APM avg | 6.4 |
| APM peak | 26 |
| eAPM avg | 5.5 |
| Villagers / military | 58 / 0 |
Focus
⚔️ 12.5% · 🌾 87.5%
Unknown (1949) ×42
Feudal
13:46
Castle
23:32
Imperial
37:17
| APM avg | 20.8 |
| APM peak | 80 |
| eAPM avg | 12.3 |
| Villagers / military | 104 / 32 |
Focus
⚔️ 15.1% · 🌾 84.9%
Battle Elephant ×31 · Trade Cart ×13 · Ballista Elephant ×1
Feudal
11:36
Castle
23:26
Imperial
36:21
| APM avg | 16.6 |
| APM peak | 43 |
| eAPM avg | 9.2 |
| Villagers / military | 80 / 30 |
Focus
⚔️ 16.4% · 🌾 83.6%
Fire Lancer ×20 · Chu Ko Nu ×7 · Trade Cart ×2 · Trebuchet (Packed) ×2 · Monk ×1
Feudal
—
Castle
—
Imperial
—
| APM avg | 12.1 |
| APM peak | 27 |
| eAPM avg | 9.5 |
| Villagers / military | 112 / 15 |
Focus
⚔️ 14.1% · 🌾 85.9%
Trade Cart ×18 · Bombard Cannon ×13 · Monk ×2
Feudal
12:59
Castle
25:24
Imperial
36:01
| APM avg | 24.6 |
| APM peak | 56 |
| eAPM avg | 15.5 |
| Villagers / military | 63 / 97 |
Focus
⚔️ 23.7% · 🌾 76.3%
Archer ×86 · Spearman ×3 · Trebuchet (Packed) ×3 · War Wagon ×2 · Bombard Cannon ×2 · Iron Pagoda ×1
Match map
Initial resources + every placement click. Lines = walls · curves = elevation contours. ◆ gold · ⬟ stone · ● berries · ✦ relic · ◌ wall gap
Your base· ✓ Closed at 19:35 · 10t walls · 1 gate(s)
GZicchi's base· ✓ Closed at 26:31 · 12t walls · no gate
asazakicanedit's base· ✓ Closed at 23:32 · 19t walls · no gate
Jantolin's base· ✓ Closed at 23:26 · 0t walls · no gate
GenMati's base· ✓ Closed at 17:31 · 33t walls · 1 gate(s)
Neunelfer's base· ✓ Closed at 25:24 · 10t walls · 2 gate(s)
Smoothed initial terrain · ◌ = detected wall gap · hover for details
Inputs per minute
— GeneralValen673 - - GZicchi
Build order — GeneralValen673
First 150 of 349 actions detected
| 0:06 | Research | Loom |
| 1:00 | Create | Villager (Male) |
| 1:52 | Create | Villager (Male) |
| 2:17 | Create | Villager (Male) |
| 2:54 | Build | House |
| 2:59 | Build | House |
| 3:03 | Build | House |
| 3:08 | Build | House |
| 3:37 | Create | Villager (Male) |
| 3:37 | Create | Villager (Male) |
| 3:38 | Create | Villager (Male) |
| 3:58 | Create | Villager (Male) |
| 4:02 | Create | Villager (Male) |
| 4:32 | Create | Villager (Male) |
| 5:04 | Create | Villager (Male) |
| 5:23 | Build | House |
| 5:27 | Build | House |
| 5:33 | Build | House |
| 5:38 | Build | House |
| 7:06 | Create | Villager (Male) |
| 7:06 | Create | Villager (Male) |
| 7:07 | Create | Villager (Male) |
| 7:09 | Create | Villager (Male) |
| 7:11 | Create | Villager (Male) |
| 7:35 | Build | House |
| 7:39 | Build | House |
| 7:44 | Build | House |
| 7:48 | Build | House |
| 7:52 | Build | House |
| 8:03 | Build | Mill |
| 8:54 | Build | Lumber Camp |
| 9:11 | Create | Villager (Male) |
| 9:49 | Create | Villager (Male) |
| 9:49 | Create | Villager (Male) |
| 10:17 | Build | House |
| 10:22 | Build | House |
| 10:26 | Build | House |
| 11:52 | Build | House |
| 11:59 | Build | House |
| 12:07 | Build | House |
| 12:13 | Research | Feudal Age |
| 12:18 | Build | Farm |
| 12:26 | Build | Farm |
| 12:32 | Build | Farm |
| 12:40 | Build | Farm |
| 12:48 | Build | Farm |
| 12:56 | Build | Farm |
| 13:07 | Build | Farm |
| 13:55 | Build | House |
| 13:59 | Build | House |
| 14:03 | Build | House |
| 14:08 | Build | House |
| 14:14 | Build | House |
| 14:18 | Create | Villager (Male) |
| 14:18 | Create | Villager (Male) |
| 14:19 | Create | Villager (Male) |
| 14:19 | Create | Villager (Male) |
| 14:19 | Create | Villager (Male) |
| 14:20 | Create | Villager (Male) |
| 14:20 | Create | Villager (Male) |
| 14:20 | Create | Villager (Male) |
| 14:20 | Create | Villager (Male) |
| 15:04 | Build | Stone Wall |
| 15:31 | Build | Mining Camp |
| 15:37 | Research | Double-Bit Axe |
| 15:51 | Build | Market |
| 16:05 | Build | Market |
| 16:15 | Build | Blacksmith |
| 16:44 | Build | Gate |
| 17:00 | Build | Farm |
| 17:07 | Build | Mining Camp |
| 17:35 | Build | Barracks |
| 17:51 | Create | Villager (Male) |
| 17:51 | Create | Villager (Male) |
| 18:14 | Build | Farm |
| 18:25 | Build | Farm |
| 18:31 | Build | Farm |
| 18:54 | Research | Stone Mining |
| 19:25 | Build | Mill |
| 19:35 | Research | Castle Age |
| 19:44 | Build | Barracks |
| 19:55 | Build | Barracks |
| 20:58 | Build | Farm |
| 21:04 | Build | Farm |
| 21:10 | Create | Villager (Male) |
| 21:10 | Create | Villager (Male) |
| 21:10 | Create | Villager (Male) |
| 21:10 | Create | Villager (Male) |
| 21:11 | Create | Villager (Male) |
| 21:11 | Create | Villager (Male) |
| 21:11 | Create | Villager (Male) |
| 21:11 | Create | Villager (Male) |
| 21:19 | Create | Villager (Male) |
| 21:28 | Build | Barracks |
| 22:04 | Create | Trade Cart |
| 22:04 | Create | Trade Cart |
| 22:07 | Create | Trade Cart |
| 22:49 | Build | Farm |
| 23:31 | Build | Castle |
| 24:38 | Build | Town Center |
| 25:24 | Research | Pikeman (upgrade) |
| 25:54 | Create | Villager (Male) |
| 25:54 | Create | Villager (Male) |
| 25:55 | Create | Villager (Male) |
| 25:55 | Create | Villager (Male) |
| 25:55 | Create | Villager (Male) |
| 25:55 | Create | Villager (Male) |
| 25:56 | Create | Villager (Male) |
| 25:56 | Create | Villager (Male) |
| 25:56 | Create | Villager (Male) |
| 25:57 | Create | Villager (Male) |
| 26:01 | Create | Villager (Male) |
| 26:02 | Create | Villager (Male) |
| 26:02 | Create | Villager (Male) |
| 26:02 | Create | Villager (Male) |
| 26:02 | Create | Villager (Male) |
| 26:02 | Create | Villager (Male) |
| 26:03 | Create | Villager (Male) |
| 26:26 | Build | Barracks |
| 26:41 | Build | Farm |
| 27:02 | Build | Farm |
| 27:09 | Research | Horse Collar |
| 27:13 | Research | Bow Saw |
| 27:30 | Build | Farm |
| 27:45 | Build | Barracks |
| 27:56 | Build | Farm |
| 28:21 | Build | Farm |
| 28:39 | Build | Farm |
| 28:48 | Build | Farm |
| 28:57 | Build | Farm |
| 29:06 | Build | Farm |
| 29:11 | Create | Villager (Male) |
| 29:11 | Create | Villager (Male) |
| 29:12 | Create | Villager (Male) |
| 29:12 | Create | Villager (Male) |
| 29:12 | Create | Villager (Male) |
| 29:12 | Create | Villager (Male) |
| 29:20 | Build | Farm |
| 29:28 | Build | Farm |
| 29:41 | Build | Farm |
| 29:49 | Build | Farm |
| 30:24 | Build | Farm |
| 30:35 | Build | Farm |
| 30:44 | Create | Villager (Male) |
| 30:44 | Create | Villager (Male) |
| 30:44 | Create | Villager (Male) |
| 30:45 | Create | Villager (Male) |
| 30:45 | Create | Villager (Male) |
| 31:02 | Build | Farm |
| 31:14 | Research | Imperial Age |
Build order — GZicchi
First 150 of 157 actions detected
| 0:10 | Build | House |
| 0:11 | Build | House |
| 0:13 | Build | House |
| 0:17 | Create | Villager (Male) |
| 0:17 | Create | Villager (Male) |
| 0:18 | Create | Villager (Male) |
| 0:18 | Create | Villager (Male) |
| 0:18 | Create | Villager (Male) |
| 1:20 | Build | Mill |
| 1:47 | Research | Loom |
| 3:40 | Create | Villager (Male) |
| 3:41 | Create | Villager (Male) |
| 3:41 | Create | Villager (Male) |
| 3:41 | Create | Villager (Male) |
| 3:41 | Create | Villager (Male) |
| 4:17 | Create | Villager (Male) |
| 4:18 | Create | Villager (Male) |
| 4:18 | Create | Villager (Male) |
| 4:41 | Create | Villager (Male) |
| 5:07 | Create | Villager (Male) |
| 5:36 | Create | Villager (Male) |
| 5:55 | Create | Villager (Male) |
| 5:55 | Create | Villager (Male) |
| 6:25 | Build | Mining Camp |
| 6:40 | Create | Villager (Male) |
| 6:40 | Create | Villager (Male) |
| 6:49 | Create | Villager (Male) |
| 6:49 | Create | Villager (Male) |
| 8:01 | Build | Lumber Camp |
| 8:06 | Create | Villager (Male) |
| 8:07 | Create | Villager (Male) |
| 8:07 | Create | Villager (Male) |
| 8:07 | Create | Villager (Male) |
| 9:07 | Build | House |
| 9:09 | Build | House |
| 9:11 | Build | House |
| 11:39 | Research | Feudal Age |
| 12:44 | Build | Mining Camp |
| 13:58 | Build | Stone Wall |
| 14:43 | Build | Watch Tower |
| 15:52 | Build | Stone Wall |
| 16:15 | Build | Farm |
| 16:16 | Build | Farm |
| 16:19 | Build | Farm |
| 16:21 | Build | Farm |
| 16:22 | Build | Farm |
| 16:25 | Build | Farm |
| 16:37 | Create | Villager (Male) |
| 16:38 | Create | Villager (Male) |
| 16:38 | Create | Villager (Male) |
| 16:38 | Create | Villager (Male) |
| 16:38 | Create | Villager (Male) |
| 16:39 | Create | Villager (Male) |
| 16:39 | Create | Villager (Male) |
| 16:39 | Create | Villager (Male) |
| 16:39 | Create | Villager (Male) |
| 16:39 | Create | Villager (Male) |
| 16:40 | Create | Villager (Male) |
| 16:40 | Create | Villager (Male) |
| 16:40 | Create | Villager (Male) |
| 18:12 | Build | Mining Camp |
| 19:31 | Research | Double-Bit Axe |
| 19:38 | Research | Horse Collar |
| 19:51 | Build | Farm |
| 20:05 | Build | Farm |
| 20:27 | Build | Farm |
| 20:29 | Build | Farm |
| 20:32 | Build | Farm |
| 20:42 | Build | Farm |
| 21:08 | Build | Farm |
| 21:17 | Create | Villager (Male) |
| 21:17 | Create | Villager (Male) |
| 21:17 | Create | Villager (Male) |
| 21:17 | Create | Villager (Male) |
| 21:18 | Create | Villager (Male) |
| 21:37 | Build | House |
| 21:38 | Build | House |
| 21:42 | Build | House |
| 21:43 | Build | House |
| 23:50 | Build | Market |
| 23:56 | Build | Blacksmith |
| 25:34 | Build | Watch Tower |
| 25:36 | Build | Watch Tower |
| 25:37 | Build | Watch Tower |
| 26:31 | Research | Castle Age |
| 29:17 | Build | Castle |
| 29:20 | Build | Castle |
| 30:33 | Build | Town Center |
| 31:03 | Create | Unit 1949 ×5 |
| 31:03 | Create | Unit 1949 ×5 |
| 31:03 | Create | Unit 1949 ×5 |
| 31:03 | Create | Unit 1949 ×5 |
| 31:03 | Create | Unit 1949 ×5 |
| 31:27 | Build | Watch Tower |
| 32:49 | Build | Watch Tower |
| 33:49 | Build | Farm |
| 33:53 | Build | Farm |
| 33:55 | Build | Farm |
| 33:57 | Build | Farm |
| 34:00 | Build | Farm |
| 34:02 | Build | Farm |
| 34:04 | Build | Farm |
| 34:05 | Build | Farm |
| 34:10 | Build | Farm |
| 34:12 | Build | Farm |
| 34:14 | Build | Farm |
| 34:16 | Build | Farm |
| 34:33 | Build | Farm |
| 34:34 | Build | Farm |
| 34:38 | Build | Farm |
| 35:35 | Create | Villager (Male) |
| 36:41 | Research | Stone Mining |
| 36:42 | Research | Gold Mining |
| 37:21 | Create | Unit 1949 ×4 |
| 37:21 | Create | Unit 1949 ×4 |
| 37:21 | Create | Unit 1949 ×4 |
| 38:14 | Create | Unit 1949 |
| 38:15 | Create | Unit 1949 |
| 38:15 | Create | Unit 1949 |
| 38:15 | Create | Unit 1949 |
| 38:16 | Create | Unit 1949 |
| 40:59 | Create | Villager (Male) |
| 40:59 | Create | Villager (Male) |
| 41:00 | Create | Villager (Male) |
| 41:00 | Create | Villager (Male) |
| 41:00 | Create | Villager (Male) |
| 41:00 | Create | Villager (Male) |
| 41:01 | Create | Villager (Male) |
| 41:01 | Create | Villager (Male) |
| 41:01 | Create | Villager (Male) |
| 41:01 | Create | Villager (Male) |
| 41:02 | Create | Villager (Male) |
| 41:02 | Create | Villager (Male) |
| 41:02 | Create | Villager (Male) |
| 41:16 | Build | House |
| 41:18 | Build | House |
| 41:19 | Build | House |
| 41:22 | Build | House |
| 41:24 | Build | House |
| 41:26 | Build | House |
| 41:29 | Build | House |
| 41:34 | Build | House |
| 41:48 | Build | House |
| 41:49 | Build | House |
| 41:51 | Build | House |
| 41:53 | Build | House |
| 41:55 | Build | House |
| 41:58 | Build | House |
| 41:59 | Build | House |
| 42:01 | Build | House |
Build order — asazakicanedit
First 150 of 281 actions detected
| 0:32 | Build | Palisade Wall |
| 0:45 | Create | Villager (Male) |
| 0:45 | Create | Villager (Male) |
| 0:45 | Create | Villager (Male) |
| 0:46 | Create | Villager (Male) |
| 0:46 | Create | Villager (Male) |
| 0:50 | Build | House |
| 0:52 | Build | House |
| 0:53 | Build | House |
| 1:35 | Research | Loom |
| 2:55 | Build | Palisade Wall |
| 4:03 | Build | House |
| 4:05 | Build | House |
| 4:22 | Create | Villager (Male) |
| 4:22 | Create | Villager (Male) |
| 4:58 | Create | Villager (Male) |
| 5:14 | Build | House |
| 5:15 | Build | House |
| 5:25 | Build | House |
| 6:29 | Create | Villager (Male) |
| 6:29 | Create | Villager (Male) |
| 6:29 | Create | Villager (Male) |
| 6:30 | Create | Villager (Male) |
| 8:00 | Create | Villager (Male) |
| 8:01 | Create | Villager (Male) |
| 8:01 | Create | Villager (Male) |
| 8:01 | Create | Villager (Male) |
| 8:02 | Create | Villager (Male) |
| 10:40 | Build | Mill |
| 11:37 | Research | Feudal Age |
| 12:18 | Build | Lumber Camp |
| 13:40 | Build | Lumber Camp |
| 13:46 | Create | Villager (Male) |
| 13:46 | Age | Feudal Age |
| 13:47 | Create | Villager (Male) |
| 13:47 | Create | Villager (Male) |
| 13:47 | Create | Villager (Male) |
| 13:48 | Create | Villager (Male) |
| 13:48 | Create | Villager (Male) |
| 13:48 | Create | Villager (Male) |
| 13:49 | Create | Villager (Male) |
| 13:51 | Create | Villager (Male) |
| 13:51 | Create | Villager (Male) |
| 13:52 | Create | Villager (Male) |
| 14:13 | Research | Double-Bit Axe |
| 14:27 | Build | Farm |
| 14:54 | Build | Mining Camp |
| 15:27 | Create | Villager (Male) |
| 15:31 | Build | Farm |
| 15:46 | Research | Horse Collar |
| 15:59 | Build | Farm |
| 16:14 | Research | Gold Mining |
| 16:31 | Create | Villager (Male) |
| 16:32 | Create | Villager (Male) |
| 16:48 | Build | Farm |
| 17:02 | Build | Farm |
| 17:11 | Build | Farm |
| 17:21 | Create | Villager (Male) |
| 17:21 | Create | Villager (Male) |
| 17:38 | Build | Farm |
| 18:01 | Build | Farm |
| 18:10 | Build | Farm |
| 18:26 | Build | Farm |
| 19:00 | Build | Farm |
| 19:16 | Build | Farm |
| 19:20 | Create | Villager (Male) |
| 19:21 | Create | Villager (Male) |
| 19:42 | Build | Farm |
| 20:06 | Build | Farm |
| 20:32 | Build | Farm |
| 20:52 | Research | Castle Age |
| 21:00 | Build | Farm |
| 21:16 | Build | Mining Camp |
| 22:33 | Build | House |
| 22:35 | Build | House |
| 22:37 | Build | House |
| 22:39 | Build | House |
| 22:40 | Build | House |
| 23:00 | Create | Villager (Male) |
| 23:00 | Create | Villager (Male) |
| 23:00 | Create | Villager (Male) |
| 23:01 | Create | Villager (Male) |
| 23:01 | Create | Villager (Male) |
| 23:05 | Create | Villager (Male) |
| 23:05 | Create | Villager (Male) |
| 23:32 | Age | Castle Age |
| 23:36 | Build | Town Center |
| 23:52 | Build | Town Center |
| 24:09 | Research | Bow Saw |
| 24:11 | Research | Heavy Plow |
| 24:44 | Research | Gold Shaft Mining |
| 24:47 | Research | Stone Mining |
| 24:58 | Create | Villager (Male) |
| 24:59 | Create | Villager (Male) |
| 24:59 | Create | Villager (Male) |
| 24:59 | Create | Villager (Male) |
| 25:00 | Create | Villager (Male) |
| 25:00 | Create | Villager (Male) |
| 25:24 | Build | Lumber Camp |
| 25:54 | Create | Villager (Male) |
| 26:05 | Create | Villager (Male) |
| 26:05 | Create | Villager (Male) |
| 26:06 | Create | Villager (Male) |
| 26:06 | Create | Villager (Male) |
| 26:28 | Create | Villager (Male) |
| 26:29 | Create | Villager (Male) |
| 26:29 | Create | Villager (Male) |
| 26:29 | Create | Villager (Male) |
| 27:16 | Create | Villager (Male) |
| 27:16 | Create | Villager (Male) |
| 27:25 | Create | Villager (Male) |
| 27:25 | Create | Villager (Male) |
| 27:25 | Create | Villager (Male) |
| 27:35 | Build | Farm |
| 27:42 | Build | Farm |
| 28:05 | Build | Farm |
| 28:08 | Build | Farm |
| 28:12 | Create | Villager (Male) |
| 28:13 | Create | Villager (Male) |
| 28:25 | Create | Villager (Male) |
| 28:26 | Create | Villager (Male) |
| 28:27 | Create | Villager (Male) |
| 28:29 | Create | Villager (Male) |
| 28:38 | Research | Stone Shaft Mining |
| 28:46 | Create | Villager (Male) |
| 28:47 | Create | Villager (Male) |
| 28:58 | Build | Farm |
| 29:01 | Create | Villager (Male) |
| 29:02 | Create | Villager (Male) |
| 29:06 | Create | Villager (Male) |
| 29:17 | Build | Farm |
| 29:26 | Build | Farm |
| 29:34 | Build | Lumber Camp |
| 29:44 | Build | House |
| 29:46 | Build | House |
| 29:47 | Build | House |
| 29:48 | Build | House |
| 29:54 | Build | House |
| 29:55 | Build | House |
| 29:56 | Build | House |
| 29:57 | Build | House |
| 29:58 | Build | House |
| 30:03 | Build | Farm |
| 30:07 | Build | Farm |
| 30:10 | Build | Farm |
| 30:15 | Create | Villager (Male) |
| 30:16 | Create | Villager (Male) |
| 30:16 | Create | Villager (Male) |
| 30:16 | Create | Villager (Male) |
| 30:17 | Create | Villager (Male) |
Build order — Jantolin
First 150 of 194 actions detected
| 0:15 | Build | House |
| 0:20 | Build | House |
| 1:08 | Build | Lumber Camp |
| 1:52 | Create | Villager (Male) |
| 3:41 | Create | Villager (Male) |
| 4:12 | Create | Villager (Male) |
| 4:12 | Create | Villager (Male) |
| 4:54 | Create | Villager (Male) |
| 4:54 | Create | Villager (Male) |
| 4:54 | Create | Villager (Male) |
| 5:20 | Create | Villager (Male) |
| 5:20 | Create | Villager (Male) |
| 5:51 | Build | Mill |
| 6:46 | Create | Villager (Male) |
| 6:46 | Create | Villager (Male) |
| 6:47 | Create | Villager (Male) |
| 6:47 | Create | Villager (Male) |
| 6:47 | Create | Villager (Male) |
| 7:37 | Build | Farm |
| 7:51 | Build | Farm |
| 9:26 | Research | Feudal Age |
| 9:35 | Build | Farm |
| 9:51 | Create | Villager (Male) |
| 10:14 | Build | Farm |
| 10:20 | Build | Farm |
| 10:34 | Build | Farm |
| 11:36 | Age | Feudal Age |
| 11:43 | Create | Villager (Male) |
| 11:43 | Create | Villager (Male) |
| 11:43 | Create | Villager (Male) |
| 11:44 | Create | Villager (Male) |
| 11:44 | Create | Villager (Male) |
| 11:44 | Create | Villager (Male) |
| 12:15 | Build | Barracks |
| 12:21 | Create | Villager (Male) |
| 12:45 | Build | Mining Camp |
| 13:40 | Build | Mining Camp |
| 14:18 | Build | Farm |
| 14:21 | Create | Villager (Male) |
| 14:22 | Create | Villager (Male) |
| 14:41 | Build | House |
| 15:40 | Build | Farm |
| 15:49 | Create | Villager (Male) |
| 15:54 | Create | Villager (Male) |
| 15:54 | Create | Villager (Male) |
| 15:55 | Create | Villager (Male) |
| 16:17 | Research | Double-Bit Axe |
| 16:28 | Build | Archery Range |
| 17:21 | Build | Farm |
| 17:31 | Build | Farm |
| 19:06 | Build | Market |
| 19:22 | Create | Villager (Male) |
| 19:23 | Create | Villager (Male) |
| 19:23 | Create | Villager (Male) |
| 19:28 | Create | Villager (Male) |
| 19:36 | Create | Villager (Male) |
| 20:00 | Build | House |
| 20:22 | Build | House |
| 20:34 | Research | Castle Age |
| 20:56 | Build | House |
| 21:12 | Build | Blacksmith |
| 21:19 | Research | Horse Collar |
| 21:23 | Research | Wheelbarrow |
| 22:24 | Research | Scale Mail Armor |
| 22:32 | Research | Forging |
| 23:26 | Age | Castle Age |
| 23:39 | Build | Monastery |
| 23:46 | Research | Heavy Plow |
| 23:49 | Research | Bow Saw |
| 23:52 | Research | Gold Mining |
| 23:53 | Research | Stone Mining |
| 24:35 | Build | Farm |
| 24:42 | Research | Chain Mail Armor |
| 24:49 | Create | Villager (Male) |
| 24:49 | Create | Villager (Male) |
| 24:49 | Create | Villager (Male) |
| 25:39 | Build | House |
| 25:44 | Create | Monk |
| 25:54 | Build | Farm |
| 26:59 | Create | Villager (Male) |
| 27:00 | Create | Villager (Male) |
| 27:00 | Create | Villager (Male) |
| 27:00 | Create | Villager (Male) |
| 27:00 | Create | Villager (Male) |
| 27:02 | Create | Villager (Male) |
| 27:03 | Create | Villager (Male) |
| 27:22 | Research | Gold Shaft Mining |
| 27:22 | Research | Stone Shaft Mining |
| 27:50 | Build | Castle |
| 28:22 | Build | Farm |
| 28:42 | Build | Town Center |
| 28:55 | Build | Farm |
| 29:03 | Create | Fire Lancer |
| 29:03 | Create | Fire Lancer |
| 29:03 | Create | Fire Lancer |
| 29:04 | Create | Fire Lancer |
| 29:04 | Create | Fire Lancer |
| 29:05 | Create | Fire Lancer |
| 29:05 | Create | Fire Lancer |
| 29:05 | Create | Fire Lancer |
| 29:06 | Create | Fire Lancer |
| 29:06 | Create | Fire Lancer |
| 29:08 | Create | Fire Lancer |
| 29:42 | Build | Farm |
| 29:52 | Research | Iron Casting |
| 30:04 | Build | Farm |
| 30:10 | Create | Villager (Male) |
| 30:10 | Create | Villager (Male) |
| 30:10 | Create | Villager (Male) |
| 30:11 | Create | Villager (Male) |
| 30:11 | Create | Villager (Male) |
| 30:13 | Create | Villager (Male) |
| 30:13 | Create | Villager (Male) |
| 30:14 | Create | Villager (Male) |
| 30:14 | Create | Villager (Male) |
| 30:16 | Create | Villager (Male) |
| 30:44 | Research | Fletching |
| 31:05 | Build | Farm |
| 31:22 | Build | House |
| 31:46 | Build | Farm |
| 31:59 | Build | Mill |
| 33:11 | Research | Imperial Age |
| 33:29 | Build | Lumber Camp |
| 33:58 | Build | Town Center |
| 34:22 | Create | Villager (Male) |
| 34:22 | Create | Villager (Male) |
| 34:23 | Create | Villager (Male) |
| 34:23 | Create | Villager (Male) |
| 34:23 | Create | Villager (Male) |
| 34:24 | Create | Villager (Male) |
| 35:28 | Build | Farm |
| 35:30 | Build | Farm |
| 35:35 | Build | House |
| 35:49 | Research | Bodkin Arrow |
| 35:50 | Research | Padded Archer Armor |
| 36:03 | Create | Chu Ko Nu |
| 36:04 | Create | Chu Ko Nu |
| 36:04 | Create | Chu Ko Nu |
| 36:05 | Create | Chu Ko Nu |
| 36:05 | Create | Chu Ko Nu |
| 36:06 | Create | Chu Ko Nu |
| 36:12 | Create | Fire Lancer |
| 36:12 | Create | Fire Lancer |
| 36:13 | Create | Fire Lancer |
| 36:13 | Create | Fire Lancer |
| 36:13 | Create | Fire Lancer |
| 36:13 | Create | Fire Lancer |
| 36:14 | Create | Fire Lancer |
| 36:15 | Create | Fire Lancer |
| 36:15 | Create | Fire Lancer |
Build order — GenMati
First 150 of 279 actions detected
| 0:05 | Research | Loom |
| 0:05 | Create | Villager (Male) |
| 0:06 | Create | Villager (Male) |
| 0:06 | Create | Villager (Male) |
| 0:40 | Create | Villager (Male) |
| 0:40 | Create | Villager (Male) |
| 0:53 | Build | Palisade Wall |
| 1:22 | Build | House |
| 1:24 | Build | House |
| 2:21 | Build | Palisade Wall |
| 2:42 | Build | House |
| 2:44 | Build | House |
| 2:45 | Build | House |
| 4:11 | Create | Villager (Male) |
| 4:12 | Create | Villager (Male) |
| 4:58 | Create | Villager (Male) |
| 5:29 | Create | Villager (Male) |
| 5:55 | Create | Villager (Male) |
| 6:10 | Create | Villager (Male) |
| 6:38 | Create | Villager (Male) |
| 6:38 | Create | Villager (Male) |
| 7:03 | Create | Villager (Male) |
| 7:04 | Create | Villager (Male) |
| 7:22 | Build | Lumber Camp |
| 7:50 | Create | Villager (Male) |
| 8:22 | Create | Villager (Male) |
| 8:45 | Create | Villager (Male) |
| 8:45 | Create | Villager (Male) |
| 8:45 | Create | Villager (Male) |
| 8:46 | Create | Villager (Male) |
| 8:46 | Create | Villager (Male) |
| 9:44 | Create | Villager (Male) |
| 9:44 | Create | Villager (Male) |
| 9:51 | Build | Mill |
| 10:36 | Create | Villager (Male) |
| 10:38 | Create | Villager (Male) |
| 12:33 | Build | Mill |
| 12:39 | Research | Feudal Age |
| 14:11 | Build | Mining Camp |
| 15:22 | Build | Market |
| 15:34 | Build | Stone Wall |
| 15:40 | Build | Gate |
| 16:36 | Build | Blacksmith |
| 16:46 | Create | Villager (Male) |
| 16:46 | Create | Villager (Male) |
| 17:28 | Research | Horse Collar |
| 17:31 | Research | Castle Age |
| 17:38 | Build | Mining Camp |
| 18:10 | Build | House |
| 18:15 | Build | House |
| 18:29 | Build | House |
| 18:32 | Build | House |
| 18:52 | Research | Double-Bit Axe |
| 19:06 | Build | Stone Wall |
| 19:12 | Build | Gate |
| 19:27 | Build | Farm |
| 19:30 | Build | Farm |
| 19:32 | Build | Farm |
| 19:33 | Build | Farm |
| 19:35 | Build | Farm |
| 19:37 | Build | Farm |
| 20:02 | Build | Lumber Camp |
| 20:24 | Build | House |
| 20:27 | Create | Villager (Male) |
| 20:27 | Create | Villager (Male) |
| 20:27 | Create | Villager (Male) |
| 20:27 | Create | Villager (Male) |
| 21:33 | Build | Town Center |
| 21:54 | Build | Palisade Gate |
| 22:07 | Create | Villager (Male) |
| 22:08 | Create | Villager (Male) |
| 22:28 | Build | Monastery |
| 22:37 | Create | Villager (Male) |
| 22:58 | Build | Palisade Gate |
| 23:13 | Create | Villager (Male) |
| 23:54 | Build | Stone Wall |
| 23:59 | Build | Gate |
| 24:05 | Create | Monk |
| 24:05 | Create | Monk |
| 24:13 | Build | Town Center |
| 24:19 | Create | Villager (Male) |
| 24:19 | Create | Villager (Male) |
| 24:20 | Create | Villager (Male) |
| 24:20 | Create | Villager (Male) |
| 24:37 | Research | Caravan |
| 24:44 | Create | Trade Cart |
| 24:44 | Create | Trade Cart |
| 24:44 | Create | Trade Cart |
| 25:28 | Build | Farm |
| 25:29 | Build | Farm |
| 25:30 | Build | Farm |
| 25:33 | Build | Farm |
| 25:38 | Create | Villager (Male) |
| 25:39 | Create | Villager (Male) |
| 25:39 | Create | Villager (Male) |
| 25:39 | Create | Villager (Male) |
| 25:44 | Create | Villager (Male) |
| 25:44 | Create | Villager (Male) |
| 25:44 | Create | Villager (Male) |
| 25:45 | Create | Villager (Male) |
| 26:35 | Research | Fervor |
| 26:41 | Build | Farm |
| 26:42 | Build | Farm |
| 26:43 | Build | Farm |
| 26:46 | Build | Farm |
| 26:49 | Create | Villager (Male) |
| 26:50 | Create | Villager (Male) |
| 26:50 | Create | Villager (Male) |
| 26:50 | Create | Villager (Male) |
| 28:38 | Create | Villager (Male) |
| 28:38 | Create | Villager (Male) |
| 28:39 | Create | Villager (Male) |
| 28:39 | Create | Villager (Male) |
| 28:39 | Create | Villager (Male) |
| 28:43 | Create | Villager (Male) |
| 28:43 | Create | Villager (Male) |
| 28:43 | Create | Villager (Male) |
| 28:56 | Build | Barracks |
| 28:59 | Build | Barracks |
| 29:00 | Build | Barracks |
| 29:10 | Build | Barracks |
| 29:17 | Build | House |
| 29:19 | Build | House |
| 29:21 | Build | House |
| 29:26 | Build | Farm |
| 29:28 | Build | Farm |
| 29:34 | Create | Villager (Male) |
| 29:34 | Create | Villager (Male) |
| 29:34 | Create | Villager (Male) |
| 29:46 | Research | Wheelbarrow |
| 29:47 | Research | Town Watch |
| 30:12 | Build | Farm |
| 30:13 | Build | Farm |
| 30:17 | Create | Villager (Male) |
| 30:18 | Create | Villager (Male) |
| 30:18 | Create | Villager (Male) |
| 30:18 | Create | Villager (Male) |
| 30:18 | Create | Villager (Male) |
| 30:50 | Create | Villager (Male) |
| 30:51 | Create | Villager (Male) |
| 30:59 | Build | House |
| 31:00 | Build | House |
| 31:03 | Build | House |
| 31:06 | Build | House |
| 31:12 | Build | House |
| 31:16 | Build | House |
| 31:23 | Build | Farm |
| 31:24 | Build | Farm |
| 31:28 | Build | Farm |
| 31:33 | Create | Villager (Male) |
Build order — Neunelfer
First 150 of 194 actions detected
| 0:03 | Build | House |
| 0:05 | Build | House |
| 0:08 | Create | Villager (Male) ×4 |
| 0:44 | Build | Palisade Gate |
| 0:49 | Build | Palisade Wall |
| 1:47 | Create | Villager (Male) |
| 2:39 | Create | Villager (Male) |
| 3:33 | Create | Villager (Male) ×2 |
| 4:07 | Create | Villager (Male) |
| 4:17 | Build | Mill |
| 4:21 | Create | Villager (Male) |
| 4:57 | Create | Villager (Male) ×2 |
| 5:04 | Build | House |
| 5:44 | Create | Villager (Male) ×2 |
| 5:57 | Build | Outpost |
| 6:02 | Create | Villager (Male) |
| 6:11 | Build | House |
| 6:30 | Create | Villager (Male) |
| 6:46 | Build | Palisade Gate |
| 6:50 | Build | Palisade Wall |
| 6:59 | Build | Palisade Wall |
| 7:08 | Create | Villager (Male) |
| 7:14 | Research | Loom |
| 7:16 | Create | Villager (Male) |
| 7:17 | Create | Villager (Male) |
| 7:17 | Create | Villager (Male) |
| 7:35 | Build | Lumber Camp |
| 7:47 | Create | Villager (Male) |
| 8:41 | Build | House |
| 9:31 | Create | Villager (Male) |
| 9:31 | Create | Villager (Male) |
| 10:06 | Build | Mining Camp |
| 10:24 | Create | Villager (Male) |
| 10:38 | Research | Feudal Age |
| 11:18 | Build | House |
| 11:45 | Build | Barracks |
| 12:54 | Build | Mining Camp |
| 12:59 | Age | Feudal Age |
| 13:03 | Research | Wheelbarrow |
| 13:07 | Research | Double-Bit Axe |
| 13:11 | Create | Spearman |
| 13:44 | Build | Outpost |
| 13:53 | Research | Town Watch |
| 14:06 | Build | Watch Tower |
| 14:23 | Build | Gate |
| 15:15 | Build | Archery Range |
| 15:19 | Create | Villager (Male) ×4 |
| 15:32 | Research | Horse Collar |
| 15:58 | Create | Archer |
| 15:59 | Create | Archer |
| 16:00 | Create | Archer |
| 16:00 | Create | Archer |
| 16:01 | Create | Archer |
| 16:06 | Create | Villager (Male) |
| 16:30 | Build | Farm |
| 16:30 | Build | Farm |
| 16:31 | Build | Farm |
| 16:32 | Build | Farm |
| 16:33 | Build | Farm |
| 16:36 | Build | Farm |
| 16:43 | Build | Farm |
| 17:01 | Build | Farm |
| 17:06 | Create | Archer |
| 17:08 | Create | Archer |
| 17:19 | Build | House |
| 17:36 | Create | Villager (Male) |
| 17:37 | Create | Villager (Male) |
| 17:37 | Create | Villager (Male) |
| 18:08 | Build | Farm |
| 18:09 | Build | Farm |
| 18:09 | Build | Farm |
| 18:14 | Build | Farm |
| 18:18 | Create | Villager (Male) ×2 |
| 18:47 | Build | Blacksmith |
| 19:07 | Build | House |
| 19:23 | Research | Fletching |
| 19:34 | Create | Villager (Male) ×3 |
| 19:44 | Build | Farm |
| 19:44 | Build | Farm |
| 19:54 | Build | Mill |
| 20:03 | Build | Farm |
| 20:34 | Build | Farm |
| 20:39 | Build | Farm |
| 20:45 | Create | Villager (Male) |
| 21:08 | Create | Villager (Male) |
| 21:12 | Build | House |
| 21:24 | Create | Villager (Male) |
| 21:35 | Build | Farm |
| 21:36 | Build | Farm |
| 21:36 | Build | Farm |
| 22:19 | Create | Villager (Male) |
| 22:19 | Create | Villager (Male) |
| 22:44 | Research | Castle Age |
| 22:51 | Build | Farm |
| 22:52 | Build | Farm |
| 22:53 | Build | Farm |
| 22:54 | Build | Farm |
| 23:23 | Create | Archer ×5 |
| 24:17 | Build | Watch Tower |
| 25:10 | Build | Mining Camp |
| 25:15 | Build | Watch Tower |
| 25:24 | Age | Castle Age |
| 25:44 | Build | Castle |
| 25:52 | Build | Mining Camp |
| 26:11 | Create | Villager (Male) ×5 |
| 26:31 | Build | House |
| 26:37 | Create | Villager (Male) |
| 26:37 | Create | Villager (Male) |
| 26:42 | Create | Villager (Male) |
| 27:47 | Build | Town Center |
| 27:55 | Create | Villager (Male) ×5 |
| 28:02 | Research | Bodkin Arrow |
| 28:51 | Create | Villager (Male) ×5 |
| 29:04 | Build | Farm |
| 29:41 | Create | Villager (Male) |
| 29:41 | Create | Villager (Male) |
| 29:58 | Research | Crossbowman (upgrade) |
| 30:43 | Build | Castle |
| 30:52 | Build | Castle |
| 31:08 | Research | Gold Mining |
| 31:23 | Build | Market |
| 31:46 | Build | Barracks |
| 31:54 | Create | War Wagon |
| 31:54 | Create | War Wagon |
| 32:08 | Create | Spearman |
| 32:09 | Create | Spearman |
| 32:51 | Research | Imperial Age |
| 32:54 | Research | Hand Cart |
| 34:04 | Create | Archer ×5 |
| 34:16 | Build | University |
| 34:32 | Research | Bow Saw |
| 34:49 | Build | Castle |
| 35:20 | Create | Villager (Male) |
| 35:49 | Build | Stone Wall |
| 35:55 | Build | Gate |
| 36:01 | Age | Imperial Age |
| 36:05 | Create | Trebuchet (Packed) |
| 36:15 | Research | Ballistics |
| 36:21 | Research | Arbalester (upgrade) |
| 37:17 | Create | Trebuchet (Packed) |
| 37:24 | Build | Siege Workshop |
| 37:34 | Create | Trebuchet (Packed) |
| 38:31 | Research | Chemistry |
| 38:39 | Research | Conscription |
| 38:48 | Build | Mining Camp |
| 39:08 | Create | Archer ×5 |
| 39:21 | Build | Archery Range |
| 39:24 | Build | Archery Range |
| 39:25 | Build | Archery Range |
| 39:28 | Build | Farm |
Match timeline
| 0:32 | asazakicanedit · wall_segment Palisade Wall x9 |
| 0:49 | Neunelfer · wall_segment Palisade Wall x6 |
| 0:53 | GenMati · wall_segment Palisade Wall x12 |
| 2:21 | GenMati · wall_segment Palisade Wall x11 |
| 2:55 | asazakicanedit · wall_segment Palisade Wall x10 |
| 6:50 | Neunelfer · wall_segment Palisade Wall x1 |
| 6:59 | Neunelfer · wall_segment Palisade Wall x3 |
| 11:36 | Jantolin · age_up feudal |
| 11:45 | Neunelfer · first_building Barracks |
| 12:15 | Jantolin · first_building Barracks |
| 12:59 | Neunelfer · age_up feudal |
| 13:46 | asazakicanedit · age_up feudal |
| 13:58 | GZicchi · wall_segment Stone Wall x11 |
| 15:04 | GeneralValen673 · wall_segment Stone Wall x10 |
| 15:15 | Neunelfer · first_building Archery Range |
| 15:34 | GenMati · wall_segment Stone Wall x10 |
| 15:52 | GZicchi · wall_segment Stone Wall x10 |
| 16:28 | Jantolin · first_building Archery Range |
| 17:35 | GeneralValen673 · first_building Barracks |
| 19:06 | GenMati · wall_segment Stone Wall x9 |
| 22:28 | GenMati · first_building Monastery |
| 23:26 | Jantolin · age_up castle |
| 23:31 | GeneralValen673 · first_building Castle |
| 23:32 | asazakicanedit · age_up castle |
| 23:39 | Jantolin · first_building Monastery |
| 23:54 | GenMati · wall_segment Stone Wall x16 |
| 25:24 | Neunelfer · age_up castle |
| 25:44 | Neunelfer · first_building Castle |
| 27:50 | Jantolin · first_building Castle |
| 28:56 | GenMati · first_building Barracks |
| 29:17 | GZicchi · first_building Castle |
| 31:47 | asazakicanedit · first_building Stable |
| 33:06 | asazakicanedit · first_building Castle |
| 33:23 | GeneralValen673 · first_building Siege Workshop |
| 35:49 | Neunelfer · wall_segment Stone Wall x13 |
| 36:01 | Neunelfer · age_up imperial |
| 36:12 | GenMati · first_building Siege Workshop |
| 36:21 | Jantolin · age_up imperial |
| 37:17 | GenMati · first_building Castle |
| 37:17 | asazakicanedit · age_up imperial |
| 37:24 | Neunelfer · first_building Siege Workshop |
| 40:05 | Neunelfer · first_market_buy 100 stone |
| 40:43 | Jantolin · first_building Siege Workshop |
| 40:44 | GenMati · first_building Archery Range |
| 41:21 | GenMati · first_building Stable |
| 43:40 | GenMati · resign |
[ AI ANALYSIS · 1 CREDIT ]
What really happened in this match?
Wolo.gg analyzes every decision: build order, eco, micro, common mistakes by bracket. Personalized analysis on WhatsApp or Discord in 30 seconds.
Civ guide
Chinese
Map guide
Black Forest
Perfil
GeneralValen673